 Seeded DCSS version 0.30.1-4-g462c640d31 (webtiles) character file.

Game seed: 20230804 (custom seed)

49 AccursedSamuel the Insei (level 3, -5/23 HPs)
             Began as a Tengu Monk on Aug 10, 2023.
             Slain by a worm (10 damage)
             ... on level 3 of the Dungeon.
             The game lasted 00:03:54 (1824 turns).

AccursedSamuel the Insei (Tengu Monk)               Turns: 1824, Time: 00:03:55

Health: -5/23      AC:  2    Str: 13    XL:     3   Next: 75%
Magic:  4/4        EV: 13    Int: 10    God:
Gold:   109        SH:  0    Dex: 16    Spells: 2/2 levels left

rFire   . .          .
                       - Unarmed
rCold   . . .        c - orb {light}
rNeg    . . .        a - +0 robe
rPois   .            (helmet restricted)
rElec   .            (no cloak)
rCorr   .            (no gloves)
SInv    .            (boots unavailable)
Will    .....        (no amulet)
Stlth   +            (no ring)
HPRegen 0.23/turn    (no ring)
MPRegen 0.09/turn

%: no passive effects
@: glowing
A: beak, talons 3
a: no special abilities


You were on level 3 of the Dungeon.
You visited 1 branch of the dungeon, and saw 3 of its levels.

You collected 109 gold pieces.

Inventory:

Armour
 a - a +0 robe (worn)
 c - an orb of light (worn)
Jewellery
 o - a ring of poison resistance
Wands
 q - a wand of flame (11)
Scrolls
 d - 3 scrolls of teleportation {unknown}
 h - a scroll of amnesia {unknown}
 k - 2 scrolls of blinking {unknown}
 l - 2 scrolls of identify {unknown}
 m - a scroll of fog {unknown}
 n - a scroll of enchant armour {unknown}
 r - a scroll of immolation {unknown}
Potions
 b - a potion of ambrosia
 e - 3 potions of mutation {unknown}
 f - a potion of magic {unknown}
 g - a potion of heal wounds {unknown}
 i - a potion of cancellation {unknown}
 j - a potion of haste {unknown}
 p - a potion of curing {unknown}
 s - 2 potions of brilliance {unknown}


   Skills:
 + Level 3.3 Fighting
 + Level 3.7 Dodging
 + Level 0.4 Stealth
 + Level 4.3 Unarmed Combat


You had 2 spell levels left.
You didn't know any spells.
Your spell library contained the following spells:

 Spells                   Type           Power      Damage    Failure   Level
 Apportation              Tloc           0%         N/A       36%         1
 Summon Forest            Summ/Tloc      0%         N/A       100%        5
 Dispersal                Tloc           0%         N/A       100%        6


Dungeon Overview and Level Annotations

Branches:
Dungeon (3/15)

Altars:


Innate Abilities, Weirdness & Mutations

You have a beak for a mouth.
You have claws for feet.


Message History

Found a spear.
Key pressed, stopping explore.
s - 2 amethyst potions A worm comes into view.
A worm is nearby!
A worm is nearby!
A worm is nearby!
A worm is nearby!
A worm is nearby!
A worm is nearby!
A worm is nearby!
A worm is nearby!
You hit the worm. You claw the worm, but do no damage.
The worm is moderately wounded.
The worm bites you. The worm bites you.
A worm is nearby!
The worm misses you.
A worm is nearby!
A worm is nearby!
The worm barely misses you.
You hit the worm. You claw the worm.
The worm is moderately wounded.
The worm bites you.
A worm is nearby!
You completely miss the worm. You claw the worm.
The worm is moderately wounded.
The worm closely misses you.
A worm is nearby!
A worm is nearby!
The worm bites you. The worm closely misses you.
You hit the worm. You peck the worm.
The worm is heavily wounded.
A worm is nearby!
The worm bites you.
* * * LOW HITPOINT WARNING * * *
A worm is nearby!
The worm bites you!
You die...

#.###.# #.#
##..### #.#...#
#.# ##..[#.###
#[#.######.#
#....w....
#..........#
#.####...#
###.######## #.#
# #.# #.# #.# #.#
#.###########w###
#......|....@...#
#############.#.#
#.#.# #.#.# #.#.#
#)#.# ..#.# ###.#


You could see a worm.

Vanquished Creatures
  An adder (D:2)
  A worm (D:2)
  2 dart slugs
  2 ball pythons (D:1)
  An endoplasm (D:2)
  A giant cockroach (D:3)
  3 goblins
  2 hobgoblins
  5 quokkas
  5 bats
  2 frilled lizards
  2 kobolds (D:1)
  3 rats
30 creatures vanquished.

Notes
Turn   | Place    | Note
-------+----------+-------------------------------------------
     0 | D:1      | AccursedSamuel the Tengu Monk began the quest for the Orb.
     0 | D:1      | Reached XP level 1. HP: 14/14 MP: 2/2
    48 | D:1      | Found a faded altar of an unknown god.
   167 | D:1      | Reached XP level 2. HP: 19/19 MP: 3/3
  1122 | D:2      | Reached XP level 3. HP: 9/23 MP: 4/4
  1437 | D:2      | Reached skill level 4 in Unarmed Combat
  1683 | D:3      | Got the Almanac of Location
  1824 | D:3      | Slain by a worm

Illustrated notes

Levels and vault maps discovered:
D:1:      roderic_octagonal_star, layout_basic,
          hellmonk_ecumenical_altar_run_dry, minmay_box_of_dots
D:2:      layout_loops_ring
D:3:      layout_basic, serial_aquarium, aquarium_bridge_long_separate
          [aquarium_subvault_wall, aquarium_subvault_wall,
          aquarium_subvault_bridge, aquarium_subvault_wall,
          aquarium_subvault_bridge, aquarium_subvault_bridge],
          aquarium_window_1, aquarium_window_fake, aquarium_view_2d,
          aquarium_view_4, aquarium_pool_1

Skill      XL: |  1  2  3 |
---------------+----------+-----
Unarmed Combat | 4 |  4.3
Fighting       | |  3.3
Dodging        | |  3.7
Stealth        | |  0.4

Action                     || total
---------------------------++-------
  Melee: Unarmed           ||    65
         Kick              ||    21
         Peck              ||    14
 Armour: Robe              ||    15
  Dodge: Dodged            ||    65
